 Dungeon Crawl Stone Soup version 0.31.0-11-ge490571c62 (webtiles) character file.

Game seed: 9390848155313124072

63 qw the Shooter (level 3, -2/18 HPs)
             Began as a Spriggan Hunter on Feb 3, 2024.
             Killed from afar by Natasha (6 damage)
             ... with a magic dart
             ... on level 2 of the Dungeon.
             The game lasted 00:00:03 (850 turns).

qw the Shooter (Spriggan Hunter)                     Turns: 850, Time: 00:00:04

Health: -2/18      AC:  2    Str:  7    XL:     3   Next: 89%
Magic:  4/4        EV: 19    Int: 10    God:
Gold:   48         SH:  0    Dex: 20    Spells: 2/2 levels left

rFire   . . .        a - +0 shortbow
rCold   . . .        (shield currently unavailable)
rNeg    . . .        c - +0 robe
rPois   .            (helmet restricted)
rElec   .            (no cloak)
rCorr   .            (gloves unavailable)
SInv    +            (boots unavailable)
Will    .....        (no amulet)
Stlth   ++           (no ring)
HPRegen 0.23/turn    (no ring)
MPRegen 0.09/turn

%: no passive effects
@: very quick
A: very small, no large weapons, unfitting armour, see invisible, speed 3
a: no special abilities


You were on level 2 of the Dungeon.
You visited 1 branch of the dungeon, and saw 2 of its levels.

You collected 48 gold pieces.


Innate Abilities, Weirdness & Mutations

You are very small and have problems with some larger weapons.
You are too small for most types of armour.
You have supernaturally acute eyesight. (SInv)
You cover ground extremely quickly. (Speed+++)


   Skills:
 - Level 1.5 Fighting
 - Level 5.0 Ranged Weapons
 + Level 4.1 Dodging
 - Level 1.5 Stealth


You had 2 spell levels left.
You didn't know any spells.
Your spell library was empty.

Inventory:

Hand Weapons
 a - a +0 shortbow (weapon)
Armour
 c - a +0 robe (worn)
Scrolls
 h - 2 scrolls of immolation {unknown}
 j - a scroll of revelation {unknown}
Potions
 b - a potion of ambrosia {unknown}
 d - a potion of magic {unknown}
 e - a potion of heal wounds {unknown}
 f - a potion of lignification {unknown}
 g - a potion of curing
 i - 2 potions of haste {unknown}

Dungeon Overview and Level Annotations

Branches:
Dungeon (2/15)

Altars:

Shops:
D:1 (

Annotations:
D:2 Natasha


Message History

A bat comes into view.
You shoot an arrow. The arrow hits the bat.
The bat is heavily wounded.
The bat completely misses you.
You shoot an arrow. The arrow hits the bat!
You kill the bat!
There is an open door, spattered with blood here.
You see here a bat corpse.
Found a leather armour and a scroll of blinking.
There is an open door here.
Enter note:
Enter note:
Enter note: Natasha, Servant of Life and Death comes into view.
You shoot an arrow. The arrow completely misses Natasha.
Natasha hisses angrily.
You shoot an arrow.
The arrow hits Natasha but does no damage.
Natasha completely misses you. Natasha claws you!
You shoot an arrow.
The arrow hits Natasha but does no damage.
Natasha claws you.
You shoot an arrow. The arrow misses Natasha.
Natasha barely misses you.
You shoot an arrow. The arrow misses Natasha.
Natasha claws you.
You shoot an arrow. The arrow hits Natasha.
Natasha is moderately wounded.
Natasha closely misses you.
You shoot an arrow. The arrow completely misses Natasha.
Natasha closely misses you.
You shoot an arrow. The arrow hits Natasha!
Natasha is almost dead.
Natasha casts a spell at you. You resist with some effort. Natasha misses you.
You shoot an arrow. The arrow closely misses Natasha.
Natasha casts a spell at you. The magic dart hits you.
You die...
Natasha begins licking her fur clean.

# #...# #.# #.# #.. #.
#.#.# #.# #.# #.
#.##.#.# #.# #.#
#....#'####.####.#
#........#.......#
#........#..############
#.......................
#....#'#################
#... #.@....... #.. #..
#h........ #.. ...
.'...!..... #.. ##
#.#......... #..
#.#......... #.. #
#......... #..
#...[...?. ###
#.........


You could see Natasha.

Vanquished Creatures
  Natasha (D:2)
  A gnoll (D:1)
  A dart slug (D:1)
  A ball python (D:1)
  An endoplasm (D:1)
  4 goblins
  6 hobgoblins
  3 quokkas
  3 bats
  A frilled lizard (D:2)
  2 kobolds
  2 rats
26 creatures vanquished.

Notes
Turn   | Place    | Note
-------+----------+-------------------------------------------
     0 | D:1      | qw the Spriggan Hunter began the quest for the Orb.
     0 | D:1      | Reached XP level 1. HP: 10/10 MP: 2/2
     0 | D:1      | 0 ||| qw: Version: 0.3-a-157-g843a77d
     0 | D:1      | 0 ||| qw: Game counter: 3634
     0 | D:1      | 0 ||| qw: Melee chars always use a shield: true
     0 | D:1      | 0 ||| qw: God list: Okawaru
     0 | D:1      | 0 ||| qw: Allow faded altars: false
     0 | D:1      | 0 ||| qw: Do Orc after clearing Dungeon:15 true
     0 | D:1      | 0 ||| qw: Do second Lair branch before Depths: true
     0 | D:1      | 0 ||| qw: Lair rune preference: random
     0 | D:1      | 0 ||| qw: Goals: Normal
     0 | D:1      | 0 ||| PLANNING D:1-11
    10 | D:1      | Found Xaragh's Weapon Shop.
   101 | D:1      | Reached skill level 3 in Dodging
   123 | D:1      | Reached XP level 2. HP: 14/14 MP: 3/3
   497 | D:1      | 497 ||| READING scroll labelled IZXUAF EMNAR.
   498 | D:1      | 498 ||| DRINKING 2 silvery potions.
   499 | D:1      | 499 ||| DROPPING scroll of butterflies.
   530 | D:2      | Reached XP level 3. HP: 18/18 MP: 4/4
   558 | D:2      | Noticed Natasha
   562 | D:2      | Killed Natasha
   755 | D:2      | Reached skill level 5 in Ranged Weapons
   841 | D:2      | Noticed Natasha
   846 | D:2      | HP: 3/18 [Natasha (2)]
   850 | D:2      | Killed from afar by Natasha

Levels and vault maps discovered:
D:1:      heliophobic_arrival_battle_scene, layout_basic, serial_shops,
          nicolae_square_shop
D:2:      layout_basic, uniq_natasha

Skill      XL: |  1  2  3 |
---------------+----------+-----
Dodging        | 4 |  4.1
Ranged Weapons | 5 |  5.0
Fighting       | |  1.5
Stealth        | |  1.5

Action                     || total
---------------------------++-------
   Fire: Shortbow          ||    88
    Use: Scroll            ||     1
         Potion            ||     1
 Armour: Robe              ||    13
  Dodge: Dodged            ||    25

Table legend:
 A = Non-vault XP
 B = Vault XP
 C = Vault XP percentage of total XP
 D = Non-vault monster count
 E = Vault monster count
 F = Vault count percentage of total count
                 A         B        C        D         E       F
            +---------+---------+-------+---------+---------+-------
      Total |      56 |      35 |  38.5 |      25 |       1 |   3.8
            +---------+---------+-------+---------+---------+-------
        D:1 |      40 |       0 |   0.0 |      15 |       0 |   0.0
        D:2 |      16 |      35 |  68.6 |      10 |       1 |   9.1
            +---------+---------+-------+---------+---------+-------
